 Dungeon Crawl Stone Soup version 0.27.1-34-g3ba077fa99 (webtiles) character file.

Game seed: 1417750619437566121

159 mtoz the Chopper (level 5, -6/47 HPs)
             Began as a Minotaur Berserker on Jan 7, 2022.
             Was a Believer of Trog.
             Splashed by Ijyb's acid (15 damage)
             ... on level 3 of the Dungeon.
             The game lasted 00:06:49 (2335 turns).

mtoz the Chopper (Minotaur Berserker)               Turns: 2335, Time: 00:06:50

Health: -6/47      AC: 10    Str: 22    XL:     5   Next: 17%
Magic:  13/13      EV:  7    Int:  4    God:    Trog [**....]
Gold:   53         SH:  0    Dex: 10    Spells: 4/4 levels left

rFire    + . .     SeeInvis .   k - +0 flail
rCold    + . .     Faith    .   (no shield)
rNeg     . . .     Spirit   .   b - +0 plate armour
rPois    .         Reflect  .   (helmet restricted)
rElec    .         Harm     .   h - scarf {rC+ rF+}
rCorr    .         Rampage  .   (no gloves)
Will     .....                  g - +2 pair of boots
Stlth    ..........             (no amulet)
HPRegen  0.15/turn              j - ring of magical power
MPRegen  0.13/turn              (no ring)

@: corroded
A: horns 2, retaliatory headbutt
a: Renounce Religion, Berserk, Trog's Hand


You were on level 3 of the Dungeon.
You worshipped Trog.
Trog was pleased with you.
You visited 1 branch of the dungeon, and saw 3 of its levels.

You collected 53 gold pieces.

Inventory:

Hand Weapons
 a - a +0 hand axe
 k - a +0 flail (weapon)
Armour
 b - a +0 plate armour (worn)
 g - a +2 pair of boots (worn)
 h - a scarf of resistance (worn)
Jewellery
 j - a ring of magical power (left hand)
Potions
 c - a potion of heal wounds {unknown}
 d - a potion of degeneration {unknown}
 e - 2 potions of invisibility {unknown}
 f - a potion of lignification {unknown}
 i - a potion of curing {unknown}
 l - a potion of mutation {unknown}
 m - a potion of haste {unknown}


   Skills:
 + Level 4.7 Fighting
 + Level 4.7 Axes
 + Level 3.8 Armour
 + Level 3.5 Dodging


You had 4 spell levels left.
You didn't know any spells.
Your spell library contained the following spells:

 Spells                   Type           Power      Damage    Failure   Level
 Foxfire                  Conj/Fire      0%         2x1d4     100%        1
 Conjure Flame            Conj/Fire      0%         6-21      100%        3
 Inner Flame              Hex/Fire       0%         N/A       100%        3


Dungeon Overview and Level Annotations

Branches:
Dungeon (3/15)

Altars:
Xom

Annotations:
D:3 Ijyb


Innate Abilities, Weirdness & Mutations

You have a pair of horns on your head.
You reflexively headbutt those who attack you in melee.


Message History

Done exploring.
Search for what [Enter for "axe", or ? for help]? .
There is a stone staircase leading down here.
You climb downwards.
There is a stone staircase leading up here.
Ijyb the Twisted Goblin comes into view.
She is wielding a +0 dagger of freezing and carrying a wand of acid (8).
A bat comes into view.
You miss the bat. Your headbutt misses the bat.
The bat hits you but does no damage. The bat hits you but does no damage.
You barely miss Ijyb. Your headbutt misses Ijyb.
The bat hits you but does no damage.
Ijyb zaps a wand.
The bolt of acid misses you. The bat hits you but does no damage.
You closely miss Ijyb. The bat hits you but does no damage.
Ijyb hits you but does no damage. The bat hits you but does no damage.
Ijyb zaps a wand.
The bolt of acid hits you!! The acid corrodes you!
You are splashed with acid!
You are too injured to fight recklessly!
You are too injured to fight recklessly!
You hit Ijyb but do no damage. The bat barely misses you.
The bat hits you but does no damage. Ijyb hits you but does no damage.
The bat hits you but does no damage.
You thump Ijyb! Your headbutt misses Ijyb.
Ijyb is moderately wounded.
The bat barely misses you.
Ijyb zaps a wand.
The bolt of acid misses you. The bat hits you but does no damage.
You completely miss Ijyb.
Ijyb is moderately wounded.
The bat hits you but does no damage. Ijyb hits you but does no damage. x2
You closely miss the bat. The bat hits you. Ijyb hits you but does no damage.
The bat hits you but does no damage.
You closely miss the bat. The bat hits you but does no damage.
Ijyb hits you but does no damage.
You closely miss Ijyb. Your headbutt misses Ijyb.
Ijyb is moderately wounded.
The bat hits you but does no damage.
Ijyb zaps a wand.
The bolt of acid hits you!
* * * LOW HITPOINT WARNING * * *
The acid corrodes you!
You are splashed with acid!
You die...

.#.. #.#....#
.#..#.#.#
...#.#.# ..#.#.#
#.#.#.#
.######g....###.#
.....b.@#.......#
.######.#<..#
#..........#
........#........
#######.....#####
#######


You could see Ijyb and a bat.

Vanquished Creatures
  Natasha (thrice) (D:2)
  3 gnolls
  An adder (D:2)
  3 dart slugs
  3 ball pythons (D:1)
  5 endoplasms
  2 giant cockroaches
  4 goblins (D:1)
  4 hobgoblins
  4 jackals (D:1)
  3 kobolds (D:1)
  A quokka (D:1)
  A bat (D:1)
  3 rats
40 creatures vanquished.

Vanquished Creatures (others)
  A plant (D:2)
1 creature vanquished.

Grand Total: 41 creatures vanquished

Notes
Turn   | Place    | Note
-------+----------+-------------------------------------------
     0 | D:1      | mtoz the Minotaur Berserker began the quest for the Orb.
     0 | D:1      | Reached XP level 1. HP: 19/19 MP: 0/0
   206 | D:1      | Reached XP level 2. HP: 26/27 MP: 1/1
   424 | D:1      | Found a faded altar of an unknown god.
   808 | D:1      | Reached XP level 3. HP: 33/33 MP: 2/2
   881 | D:1      | Reached ** piety under Trog
  1315 | D:2      | Noticed Natasha
  1327 | D:2      | Killed Natasha
  1379 | D:2      | Noticed Natasha
  1391 | D:2      | Reached XP level 4. HP: 38/40 MP: 3/3
  1399 | D:2      | Killed Natasha
  1825 | D:2      | Noticed Natasha
  1836 | D:2      | Killed Natasha
  1837 | D:2      | Reached XP level 5. HP: 35/47 MP: 4/4
  1947 | D:2      | Found a shimmering altar of Xom.
  2324 | D:3      | Noticed Ijyb
  2335 | D:3      | Splashed by Ijyb's acid

Illustrated notes

Levels and vault maps discovered:
D:1:      dpeg_arrival_tiny_j, layout_basic, dreamdust_ecumenical_altar_statues
D:2:      layout_basic, basic_altar, serial_bayou_ford_a, lemuel_old_faithful,
          uniq_natasha
D:3:      layout_basic, old_standard_altar, uniq_ijyb

Skill      XL: |  1  2  3 |
---------------+----------+-----
Fighting       | 4 |  4.7
Axes           | 4 |  4.7
Armour         | 3 |  3.8
Dodging        | 3 |  3.5

Action                   |  1- 3 |  4- 6 || total
-------------------------+-------+-------++-------
Melee: Hand axe          |    68 |    22 ||    90
       Headbutt          |     6 |     9 ||    15
       Flail             |       |    28 ||    28
Armor: Animal skin       |     7 |       ||     7
       Scale mail        |    10 |       ||    10
       Plate armour      |     1 |    49 ||    50
Dodge: Dodged            |    37 |    14 ||    51
